 Dungeon Crawl Stone Soup version 0.31.0-1-g2c135a008e (webtiles) character file.

Game seed: 9971916531332230522

46 qw the Shooter (level 3, -3/29 HPs)
             Began as a Djinni Hunter on Jan 24, 2024.
             Slain by Sigmund
             ... wielding a +0 scythe
              (10 damage)
             ... on level 2 of the Dungeon.
             The game lasted 00:00:03 (662 turns).

qw the Shooter (Djinni Hunter)                       Turns: 662, Time: 00:00:03

Health: -3/29      AC:  4    Str: 10    XL:     3   Next: 92%
Gold:   53         EV: 12    Int: 10    God:
                   SH:  0    Dex: 18

rFire   + + .        a - +0 shortbow
rCold   x . .        (shield currently unavailable)
rNeg    . . .        c - +0 leather armour
rPois   inf          e - +0 helmet
rElec   .            (no cloak)
rCorr   .            (no gloves)
SInv    .            (boots unavailable)
Will    .....        (no amulet)
Stlth   ++           (no ring)
HPRegen 0.24/turn    (no ring)
MPRegen 0.00/turn

%: infuse magic (-4 HP)
@: flying
A: sickness immunity, fire resistance 2, cold vulnerability 1, float, innate
caster, HP casting, extra vitality 1
a: no special abilities


You were on level 2 of the Dungeon.
You visited 1 branch of the dungeon, and saw 2 of its levels.

You collected 53 gold pieces.


Innate Abilities, Weirdness & Mutations

You are immune to sickness and miasma.
You are immune to poison.
Your flesh is very heat resistant. (rF++)
You are vulnerable to cold. (rC-)
You float through the air rather than walking.
You learn spells naturally, not from books.
Your magical power is your life essence.
You have superior vitality. (+4 MHP)


   Skills:
 + Level 2.7 Fighting
 - Level 4.0 Ranged Weapons
 - Level 2.1 Dodging
 - Level 0.7 Stealth


You knew the following spells:

 Your Spells              Type           Power      Damage    Failure   Level
a - Necrotise             Necr           0%         1d4       45%         1
Your spell library was empty.

Inventory:

Hand Weapons
 a - a +0 shortbow (weapon)
Armour
 c - a +0 leather armour (worn)
 e - a +0 helmet (worn)
Scrolls
 b - a scroll of teleportation {unknown}
Potions
 d - a potion of degeneration {unknown}
 h - a potion of curing

Dungeon Overview and Level Annotations

Branches:
Dungeon (2/15)

Altars:

Shops:
D:2 (

Annotations:
D:2 Sigmund


Message History

You shoot an arrow.
The arrow hits Sigmund but does no damage.
Sigmund is heavily wounded.
Sigmund hits you from afar with a +0 scythe.
You shoot an arrow. The arrow barely misses Sigmund.
Sigmund barely misses you.
You shoot an arrow. The arrow hits Sigmund.
Sigmund is heavily wounded.
The rat squeaks loudly.
Sigmund closely misses you.
You shoot an arrow. The arrow closely misses Sigmund.
Sigmund laughs darkly.
Sigmund hits you from afar with a +0 scythe.
You shoot an arrow. The arrow hits Sigmund.
Sigmund is severely wounded.
You shoot an arrow. The arrow barely misses Sigmund.
Sigmund closely misses you.
You shoot an arrow. The arrow barely misses Sigmund.
An endoplasm comes into view.
Sigmund gestures at you while chanting. The puff of flame hits you. You resist.
You shoot an arrow. The arrow closely misses the rat.
The endoplasm quivers.
The rat bites you. Sigmund gestures at you while chanting.
The magic dart hits you.
Sigmund hits you from afar with a +0 scythe.
The rat bites you.
You shoot an arrow. The arrow closely misses the rat.
The arrow hits the endoplasm.
The endoplasm is heavily wounded.
The rat misses you.
You shoot an arrow. The arrow hits the rat.
You kill the rat!
Sigmund hits you from afar with a +0 scythe.
You shoot an arrow. The arrow hits Sigmund.
Sigmund is almost dead.
Sigmund hits you from afar with a +0 scythe!
You die...
Sigmund begins carving another notch in his scythe.

##################
..............%..#
################.#
###### #.# .....##
#### #.# .......
..... #.# #
.......
.....@#.#.##...
.......
.......@..J..#
.......
###......#####
....... #........
.......
.........###
....... ..........
####.##
........... ### .#
...######.. ... .
... ... ###


You could see Sigmund and an endoplasm.

Vanquished Creatures
  2 dart slugs (D:1)
  3 ball pythons
  5 endoplasms (D:1)
  A giant cockroach (D:1)
  4 goblins (D:1)
  4 hobgoblins
  2 jackals (D:1)
  2 quokkas (D:1)
  3 bats
  6 frilled lizards (D:1)
  3 kobolds (D:1)
  5 rats
40 creatures vanquished.

Notes
Turn   | Place    | Note
-------+----------+-------------------------------------------
     0 | D:1      | qw the Djinni Hunter began the quest for the Orb.
     0 | D:1      | Reached XP level 1. HP: 18/18 MP: 0/0
     0 | D:1      | 0 ||| qw: Version: 0.3-a-136-gdd3b4e8
     0 | D:1      | 0 ||| qw: Game counter: 1213
     0 | D:1      | 0 ||| qw: Melee chars always use a shield: true
     0 | D:1      | 0 ||| qw: God list: Okawaru
     0 | D:1      | 0 ||| qw: Allow faded altars: false
     0 | D:1      | 0 ||| qw: Do Orc after clearing Dungeon:15 true
     0 | D:1      | 0 ||| qw: Do second Lair branch before Depths: true
     0 | D:1      | 0 ||| qw: Lair rune preference: random
     0 | D:1      | 0 ||| qw: Goals: Normal
     0 | D:1      | 0 ||| PLANNING D:1-11
    92 | D:1      | Reached XP level 2. HP: 23/23 MP: 0/0
   225 | D:1      | Reached XP level 3. HP: 28/28 MP: 0/0
   225 | D:1      | Learned a level 1 spell: Necrotise
   227 | D:1      | Reached skill level 4 in Ranged Weapons
   478 | D:1      | 478 ||| UPGRADING to +0 helmet.
   483 | D:1      | 483 ||| READING 2 scrolls labelled POAH VONAALE.
   484 | D:1      | 484 ||| READING scroll labelled FUSOFA AFRIMP.
   485 | D:1      | 485 ||| DRINKING 2 bubbling puce potions.
   486 | D:1      | 486 ||| DROPPING scroll of butterflies.
   487 | D:1      | 487 ||| DROPPING scroll of fear.
   516 | D:2      | Found Taappol's Weapon Shoppe.
   648 | D:2      | Noticed Sigmund
   659 | D:2      | HP: 7/29 [rat (2)]
   662 | D:2      | Slain by Sigmund

Levels and vault maps discovered:
D:1:      saegor_arrival_under_anarchy, layout_rooms
D:2:      layout_basic, serial_shops, shop, basic_altar, uniq_sigmund

Skill      XL: |  1  2  3 |
---------------+----------+-----
Ranged Weapons | 4 |  4.0
Fighting       | |  2.7
Dodging        | |  2.1
Stealth        | |  0.7

Action                     || total
---------------------------++-------
   Fire: Shortbow          ||   117
    Use: Scroll            ||     2
         Potion            ||     1
 Armour: Leather armour    ||    33
  Dodge: Dodged            ||    36

Table legend:
 A = Non-vault XP
 B = Vault XP
 C = Vault XP percentage of total XP
 D = Non-vault monster count
 E = Vault monster count
 F = Vault count percentage of total count
                 A         B        C        D         E       F
            +---------+---------+-------+---------+---------+-------
      Total |      66 |       0 |   0.0 |      40 |       0 |   0.0
            +---------+---------+-------+---------+---------+-------
        D:1 |      61 |       0 |   0.0 |      36 |       0 |   0.0
        D:2 |       5 |       0 |   0.0 |       4 |       0 |   0.0
            +---------+---------+-------+---------+---------+-------
